 Dungeon Crawl Stone Soup version 0.30-a0-12-gd8047c6341 (webtiles) character file.

Game seed: 6981282434416840177

312 Flugkiller the Chopper (level 6, -2/56 HPs)
             Began as a Minotaur Fighter on Aug 23, 2022.
             Was an Initiate of Qazlal.
             Slain by a steam dragon (5 damage)
             ... on level 4 of the Dungeon.
             The game lasted 00:01:29 (2864 turns).

Flugkiller the Chopper (Minotaur Fighter)           Turns: 2864, Time: 00:01:30

Health: -2/56      AC: 15    Str: 21    XL:     6   Next: 18%
Magic:  5/5        EV:  6    Int:  5    God:    Qazlal [......]
Gold:   217        SH:  4    Dex: 11    Spells: 5/5 levels left

rFire   . . .      SeeInvis .    a - +0 war axe
rCold   . . .      Faith    .    c - +0 buckler
rNeg    . . .      Spirit   .    f - +0 plate armour
rPois   .          Reflect  .    (helmet restricted)
rElec   .          Harm     .    j - +0 cloak
rCorr   .          Rampage  .    q - +1 pair of gloves
Will    .....                    (no boots)
Stlth   ..........               (no amulet)
HPRegen 0.18/turn                (no ring)
MPRegen 0.09/turn                (no ring)

@: no status effects
A: horns 2, retaliatory headbutt
a: Renounce Religion


You were on level 4 of the Dungeon.
You worshipped Qazlal.
Qazlal was noncommittal.
You visited 2 branches of the dungeon, and saw 5 of its levels.

You collected 217 gold pieces.

Inventory:

Hand Weapons
 a - a +0 war axe (weapon)
Armour
 b - a +0 scale mail
 c - a +0 buckler (worn)
 f - a +0 plate armour (worn)
   (You found it on level 1 of the Dungeon)
 j - a +0 cloak (worn)
   (You found it on level 1 of the Dungeon)
 q - a +1 pair of gloves (worn)
   (You found it on level 3 of the Dungeon)
Wands
 g - a wand of digging (4)
   (You took it off Natasha on level 2 of the Dungeon)
Scrolls
 h - a scroll of vulnerability {unknown}
 i - 2 scrolls of torment {unknown}
 k - 3 scrolls of teleportation {unknown}
 m - a scroll of noise {unknown}
 n - a scroll of enchant weapon {unknown}
 p - 3 scrolls of identify {unknown}
 r - a scroll of fear {unknown}
 s - a scroll of amnesia {unknown}
Potions
 d - a potion of might
 e - 2 potions of resistance {unknown}
 l - a potion of brilliance {unknown}
 o - a potion of degeneration {unknown}


   Skills:
 + Level 5.1 Fighting
 * Level 5.8 Axes
 + Level 5.2 Armour
 - Level 3.6 Shields
 + Level 0.4 Invocations


You had 5 spell levels left.
You didn't know any spells.
Your spell library was empty.

Dungeon Overview and Level Annotations

Branches:
Dungeon (4/15)             Temple (1/1) D:4

Altars:
Ashenzari
Fedhas
Gozag
Makhleb
Qazlal
Ru
Uskayaw
Vehumet
Wu Jian
Xom
Zin


Innate Abilities, Weirdness & Mutations

You have a pair of horns on your head.
You reflexively headbutt those who attack you in melee.


Message History

No target in view!
No target in view!
No target in view!
Things that are here:
a +0 club; a goblin corpse You see here a quokka corpse.
An adder comes into view.
The adder hisses angrily.
An adder is nearby!
An adder is nearby!
An adder is nearby!
You closely miss the adder. You block the adder's attack.
You slash the adder! You headbutt the adder.
You kill the adder!
Qazlal accepts your kill.
No target in view!
No target in view!
No target in view!
No target in view!
You now have 217 gold pieces (gained 14).
Found a leather armour and a book of Necromancy.
e - 2 metallic dark potions (gained 1)
You see here a book of Necromancy.
You see here 6 stones.
You open the door.
A gnoll, a steam dragon and a necrophage come into view.
The gnoll shouts!
Found 6 stones.
There are monsters nearby!
You slash the gnoll!
You headbutt the gnoll, but do no damage.
The gnoll is severely wounded.
The gnoll hits you but does no damage.
You slash the gnoll!
You kill the gnoll!
Qazlal accepts your kill.
You hit the steam dragon but do no damage.
The steam dragon bites you but does no damage.
You block the steam dragon's attack.
You hit the steam dragon.
The steam dragon is lightly wounded.
The steam dragon breathes steam at you. The ball of steam hits you.
The steam dragon bites you but does no damage.
The steam dragon claws you but does no damage.
You hear a bark!
You hear a shout!
You barely miss the steam dragon.
The steam dragon is lightly wounded.
You hear a shout! x2
The steam dragon bites you but does no damage.
The steam dragon claws you but does no damage.
You closely miss the steam dragon. You headbutt the steam dragon!
The steam dragon is heavily wounded.
Something unseen opens the door.
The steam dragon bites you but does no damage.
The steam dragon claws you but does no damage.
You slash the steam dragon!
The steam dragon is severely wounded.
An ogre comes into view. It is wielding a +0 giant club.
The steam dragon breathes steam at you. The ball of steam hits you!
A worm comes into view.
You slash the steam dragon!
The steam dragon is almost dead.
The steam dragon bites you.
The steam dragon claws you but does no damage.
An adder comes into view.
The steam dragon bites you but does no damage.
The steam dragon claws you but does no damage.
You closely miss the steam dragon.
The steam dragon is almost dead.
You hit the ogre.
An orc priest opens the door.
The steam dragon breathes steam at you. The ball of steam hits you!
A worm comes into view.
A goblin comes into view. It is wielding a +0 club.
The ogre barely misses you.
The orc priest shouts!
Found 3 boomerangs.
A hound comes into view.
The steam dragon attacks as you move away!
The steam dragon bites you but does no damage.
The steam dragon barely misses you.
The hound moves out of view.
You hit the adder. Your headbutt misses the adder.
The adder is moderately wounded.
The adder is engulfed in a cloud of scalding steam.
The adder dies!
The ogre hits you with a +0 giant club!
You are too injured to fight recklessly!
The steam dragon attacks as you move away!
The steam dragon bites you but does no damage.
The steam dragon claws you but does no damage.
The orc priest invokes the aid of Beogh against you.
Beogh smites you!
* * * LOW HITPOINT WARNING * * *
The necrophage is engulfed in a cloud of scalding steam.
You hit the steam dragon but do no damage.
The steam dragon is almost dead.
The steam dragon bites you.
You die...

########.#########.†...#
#...............###..#####
#.####.....####.####.#...#
#.#(.##...## #.#........# ##
#.#...##.## #.#........# .##
#.##...#.# ##.#........#
..###..##.g#.#+ ##..#........#
#...#...###ow.###...#........##
###.........8OnD@....(....##..###
###...###..†###...............)
#..##.w#.#)n##..#...........)
#.##.. #.#...##.######.......
#.#. ##.##...#.# #......> #.#
##... #.(#.# #....... #.#
#.....####.######....... ..
...............#.......
##.#######.###.#(......


You could see a steam dragon, an ogre, a necrophage, 2 worms, an orc priest and
a goblin.

Vanquished Creatures
  A bullfrog (D:4)
  An iguana (D:4)
  Natasha (thrice) (D:2)
  2 gnolls
  5 adders
  An ufetubus (D:4)
  4 worms
  A dart slug (D:2)
  2 orcs
  3 ball pythons
  4 endoplasms
  6 giant cockroaches
  7 goblins
  2 hobgoblins
  2 quokkas
  4 bats
  6 frilled lizards
  8 kobolds
  8 rats
70 creatures vanquished.

Vanquished Creatures (others)
  An adder (D:4)
1 creature vanquished.

Grand Total: 71 creatures vanquished

Notes
Turn   | Place    | Note
-------+----------+-------------------------------------------
     0 | D:1      | Flugkiller the Minotaur Fighter began the quest for the
                  | Orb.
     0 | D:1      | Reached XP level 1. HP: 19/19 MP: 0/0
   165 | D:1      | Reached XP level 2. HP: 27/27 MP: 1/1
   683 | D:2      | Reached XP level 3. HP: 33/33 MP: 2/2
   741 | D:2      | Noticed Natasha
   749 | D:2      | Killed Natasha
   870 | D:2      | Reached XP level 4. HP: 38/40 MP: 3/3
   894 | D:2      | Found a faded altar of an unknown god.
  1430 | D:2      | Noticed Natasha
  1437 | D:2      | Killed Natasha
  1553 | D:2      | Noticed Natasha
  1557 | D:2      | Killed Natasha
  1558 | D:2      | Reached XP level 5. HP: 47/47 MP: 4/4
  1762 | D:3      | Reached skill level 5 in Axes
  2321 | D:4      | Found a staircase to the Ecumenical Temple.
  2344 | D:4      | Reached skill level 5 in Fighting
  2344 | D:4      | Reached skill level 5 in Armour
  2356 | Temple   | Entered the Ecumenical Temple
  2475 | Temple   | Became a worshipper of Qazlal Stormbringer
  2560 | D:4      | Reached XP level 6. HP: 36/56 MP: 5/5
  2850 | D:4      | Noticed a steam dragon
  2864 | D:4      | Slain by a steam dragon

Illustrated notes

Levels and vault maps discovered:
D:1:      sevenhm_arrival_forest_fort_small_4, layout_basic
D:2:      layout_basic, dreamdust_ecumenical_altar_angels_and_demons,
          minmay_3d_cube, uniq_natasha
D:3:      layout_loops_ring, chequers_serial_rivers_room_b
D:4:      cheibrodos_barr_body, layout_basic, minmay_temple_entry_stoned_glass
Temple:   mainiacjoe_temple_circle_huts

Skill      XL: |  1  2  3  4  5 |
---------------+----------------+-----
Axes           | 3 4 5 |  5.8
Fighting       | 4 5 |  5.1
Armour         | 4 5 |  5.2
Shields        | |  3.6
Invocations    | |  0.4

Action                   |  1- 3 |  4- 6 || total
-------------------------+-------+-------++-------
Melee: War axe           |    79 |    91 ||   170
       Headbutt          |    10 |    17 ||    27
Armor: Plate armour      |    67 |    66 ||   133
Dodge: Dodged            |    23 |    25 ||    48
Block: Buckler           |    22 |    20 ||    42

Table legend: (Time is in decaauts)
 A = Elapsed time spent in this place.
 B = Non-inter-level travel time spent in this place.
 C = Inter-level travel time spent in this place.
 D = Time resting spent in this place.
 E = Time spent auto-exploring this place.
 F = Levels seen in this place.
 G = Mean time per level.
                   A        B        C        D        E       F      G
               +--------+--------+--------+--------+--------+-----+--------+
         Total |   2929 |   2805 |    124 |    110 |   2207 |   5 |  585.8 |
       Dungeon |   2798 |   2700 |     98 |    110 |   2116 |   4 |  699.5 |
        Temple |    130 |    104 |     26 |      0 |     91 |   1 |  130.0 |
               +--------+--------+--------+--------+--------+-----+--------+

Top non-repeatable levels by time:
     D:2: 1066 daAuts
     D:3: 647 daAuts
     D:1: 547 daAuts
     D:4: 537 daAuts
  Temple: 130 daAuts
